 Dungeon Crawl Stone Soup version 0.22-a0-362-g535178c (webtiles) character file.

9604 Amnesiac the Reanimator (level 11, -4/83 HPs)
             Began as a Mummy Necromancer on Apr 18, 2018.
             Was a Priest of Sif Muna.
             Slain by a seven-headed hydra (8 damage)
             ... on level 2 of the Lair of Beasts on Apr 19, 2018.
             The game lasted 00:22:41 (10275 turns).

Amnesiac the Reanimator (Mummy Necromancer)        Turns: 10275, Time: 00:22:41

Health: -4/83      AC:  6    Str: 18      XL:     11   Next: 25%
Magic:  1/23       EV: 16    Int: 19 (21) God:    Sif Muna [***...]
Gold:   658        SH:  7    Dex: 13      Spells: 8/27 levels left

rFire    x . .     SeeInvis .   a - +9 trident "Tiyvut" {flame, Str+4}
rCold    + . .     Gourm    .   m - +0 buckler
rNeg     + + +     Faith    .   o - +2 leather armour of the Beggar {Int+4}
rPois    ∞         Spirit   .   (no helmet)
rElec    .         Reflect  +   (no cloak)
rCorr    .         Harm     .   f - +0 pair of gloves
MR       +....                  (no boots)
Stlth    ++........             u - +2 amulet of reflection (curse)
HPRegen  0.23/turn              c - +2 ring of strength
MPRegen  0.18/turn              d - ring of stealth

@: silence, divine energy
A: no food or potions, fire vulnerability, cold resistance 1, negative energy
resistance 3, torment resistance, unbreathing
a: Renounce Religion


You were on level 2 of the Lair of Beasts.
You worshipped Sif Muna.
Sif Muna was most pleased with you.
You were not hungry.

You visited 3 branches of the dungeon, and saw 11 of its levels.

You collected 658 gold pieces.

Inventory:

Hand Weapons
 a - the +9 trident "Tiyvut" (weapon) {flame, Str+4}
   (You found it on level 4 of the Dungeon)

   It has been specially enchanted to burn those struck by it, causing extra
   injury to most foes and up to half again as much damage against particularly
   susceptible opponents.
   It affects your strength (+4).
 b - a +0 blowgun
 w - a +0 hunting sling of velocity
Missiles
 g - 12 curare-tipped needles
 k - 239 stones (quivered)
 l - 172 sling bullets
Armour
 f - a +0 pair of gloves (worn)
 m - a +0 buckler (worn)
 o - the +2 leather armour of the Beggar (worn) {Int+4}
   (You found it on level 5 of the Dungeon)

   It affects your intelligence (+4).
 q - the +3 chain mail of Whack-A-Mole {Stlth+, unknown}
   (You found it on level 1 of the Lair of Beasts)

   It makes you more stealthy.
Jewellery
 c - a +2 ring of strength (left hand)
 d - a ring of stealth (right hand)
 j - an uncursed ring of teleportation
 u - a cursed +2 amulet of reflection (around neck)
 x - an uncursed ring of ice
Wands
 s - a wand of acid (12)
 t - a wand of polymorph (20)
 v - a wand of scattershot (4)
Scrolls
 e - 4 scrolls of identify {!r}
 h - 3 scrolls of remove curse {!r}
 i - 2 scrolls of teleportation {!r}
 n - a scroll of magic mapping {!r}
 p - a scroll of immolation {!r}


   Skills:
 - Level 6.6 Fighting
 - Level 8.2 Dodging
 - Level 1.5 Stealth
 - Level 4.0 Shields
 + Level 8.8 Spellcasting
 * Level 10.9 Necromancy


You had 8 spell levels left.
You knew the following spells:

 Your Spells              Type           Power        Failure   Level  Hunger
a - Bolt of Draining      Conj/Necr      ####......   28%         5    N/A
b - Dispel Undead         Necr           ######..     3%          5    N/A
c - Pain                  Necr           ####         1%          1    N/A
d - Borgnjor's Vile Clut  Necr/Erth      ####......   28%         5    N/A
e - Vampiric Draining     Necr           ######....   1%          3    N/A

Dungeon Overview and Level Annotations

Branches:
Dungeon (8/15)             Temple (1/1) D:6            Lair (2/6) D:8
  Swamp: Lair:2-4    Shoals: Lair:2-4     Snake: Lair:2-4    Spider: Lair:2-4

Altars:
Ashenzari
Cheibriados
Dithmenos
Elyvilon
Fedhas
Gozag
Hepliaklqana
Kikubaaqudgha
Makhleb
Nemelex Xobeh
Okawaru
Qazlal
Ru
Sif Muna
Trog
Uskayaw
Vehumet
Wu Jian
Xom
Yredelemnul
Zin
The Shining One

Shops:
D:7 !


Innate Abilities, Weirdness & Mutations

You do not eat or drink.
Your flesh is vulnerable to fire.
You are immune to poison.
Your flesh is cold resistant. (rC+)
You are immune to negative energy. (rN+++)
You are immune to unholy pain and torment.
You can survive without breathing.


Message History

The seven-headed hydra bites you. The seven-headed hydra bites you!
You block the seven-headed hydra's attack.
The seven-headed hydra misses you.
Casting: Vampiric Draining (safe; 1% risk of failure)
Confirm with . or Enter, or press ? or * to list all spells.
Aiming: Vampiric Draining (safe; 1% risk of failure)
Press: ? - help, Shift-Dir - straight line, f/p - seven-headed hydra
Aim: a seven-headed hydra (heavily wounded, lightly drained)
The seven-headed hydra is heavily wounded.
You feel life coursing into your body. Sif Muna grants you divine energy.
You briefly lose access to your magic!
The seven-headed hydra barely misses you. x2
The seven-headed hydra closely misses you.
The seven-headed hydra bites you!
* * * LOW HITPOINT WARNING * * *
The seven-headed hydra bites you!
* * * LOW HITPOINT WARNING * * *
The seven-headed hydra bites you.
* * * LOW HITPOINT WARNING * * *
The seven-headed hydra bites you.
* * * LOW HITPOINT WARNING * * *
You are unable to access your magic!
There is an escape hatch in the ceiling here.
Okay, then.
You regain access to your magic.
There is an escape hatch in the floor here.
Casting: Vampiric Draining (safe; 1% risk of failure)
Confirm with . or Enter, or press ? or * to list all spells.
Okay, then.
Casting: Vampiric Draining (safe; 1% risk of failure)
Confirm with . or Enter, or press ? or * to list all spells.
Aiming: Borgnjor's Vile Clutch (quite dangerous; 28% risk of failure)
Press: ? - help, Dir - move target cursor, f/p - seven-headed hydra
Aim: a seven-headed hydra (moderately wounded, lightly drained) Decaying hands burst forth from the earth!
Zombie hands grab the seven-headed hydra.
Sif Muna grants you divine energy.
You briefly lose access to your magic!
The zombie hands constrict the seven-headed hydra.
The seven-headed hydra bites you but does no damage.
You block the seven-headed hydra's attack.
The seven-headed hydra bites you!
* * * LOW HITPOINT WARNING * * *
The seven-headed hydra closely misses you. x2
The seven-headed hydra barely misses you.
You block the seven-headed hydra's attack.
The zombie hands constrict the seven-headed hydra!
The seven-headed hydra escapes!
Okay, then.
Really read
y - a scroll labeled BAB TONLONI {!r}?
As you read the scroll labeled BAB TONLONI {!r}, it crumbles to dust.
A profound silence engulfs you.
It was a scroll of silence {!r}.
You block the seven-headed hydra's attack. x2
The seven-headed hydra closely misses you.
The seven-headed hydra bites you!
* * * LOW HITPOINT WARNING * * *
The seven-headed hydra bites you but does no damage.
The seven-headed hydra barely misses you.
You block the seven-headed hydra's attack.
You regain access to your magic.
The seven-headed hydra bites you but does no damage.
The seven-headed hydra bites you!
You die...

#.#... ##..... ######
###......
#.##.#####........
#..#..#.##........
###.................
#.#.................
##.P.........>....<..
#P..@................
##..D.........#.#....
##............####..
##........#### ##.
##....###.# ##
#..##.# .P# # ####
....## # ....# #
....# #


You could see a seven-headed hydra.

Vanquished Creatures
  Fannar (Lair:1)
  A hydra (Lair:1)
  An oklob plant (Lair:1)
  An elephant (D:8)
  2 spiny frogs
  A rime drake (Lair:2)
  A komodo dragon (Lair:2)
  A hydra skeleton (Lair:2)
  A polar bear (Lair:1)
  Prince Ribbit (D:8)
  A hornet (D:7)
  2 hippogriffs (Lair:2)
  A spriggan (D:7)
  3 basilisks
  6 yaks
  A black mamba skeleton (Lair:2)
  Menkaure (D:7)
  2 spiny frog zombies (Lair:1)
  4 water moccasins
  An ice beast (D:7)
  A sky beast (D:7)
  2 spiny frog skeletons (Lair:1)
  6 ogres
  The ghost of Nattefrost the Chucker, an amateur BaHu (D:3)
  3 necrophages
  A blink frog zombie (Lair:1)
  A centaur (D:8)
  3 wolves (Lair:1)
  4 crocodiles
  Blork the orc (D:5)
  6 bullfrogs
  2 scorpions (D:6)
  A water moccasin skeleton (Lair:2)
  2 yak skeletons
  2 electric eels (Lair:1)
  5 howler monkeys
  A wolf zombie (Lair:1)
  3 crimson imps
  A quasit (D:5)
  A basilisk zombie (Lair:1)
  A jelly (D:7)
  A bullfrog zombie (D:6)
  A centaur skeleton (D:4)
  A gnoll shaman (D:3)
  An orc priest (D:4)
  A bullfrog skeleton (D:7)
  A hound (D:7)
  3 iguanas
  A basilisk skeleton (Lair:1)
  2 orc wizards (D:4)
  Natasha (thrice) (D:4)
  A porcupine skeleton (Lair:2)
  10 worker ants
  2 crocodile skeletons
  A hound skeleton (D:4)
  A worker ant zombie (D:5)
  14 gnolls
  A howler monkey skeleton (D:8)
  6 adders
  A shadow imp (D:5)
  2 adder skeletons (D:8)
  4 dart slugs (D:1)
  4 leopard geckos
  14 orcs
  7 giant cockroaches
  11 goblins
  5 hobgoblins
  9 jackals
  5 quokkas
  2 ball pythons (D:2)
  6 bats
  11 frilled lizards
  8 kobolds
  A quokka skeleton (D:5)
  8 rats
230 creatures vanquished.

Vanquished Creatures (others)
  9 fungi
  2 plants (Lair:1)
11 creatures vanquished.

Grand Total: 241 creatures vanquished

Notes
Turn   | Place    | Note
-------+----------+-------------------------------------------
     0 | D:1      | Amnesiac the Mummy Necromancer began the quest for the Orb.
     0 | D:1      | Reached XP level 1. HP: 13/13 MP: 4/4
     0 | D:1      | Upgraded the game from 0.22-a0-358-g7563fe7 to 0.22-a0-362-g535178c
   240 | D:2      | Reached XP level 2. HP: 20/20 MP: 0/5
   545 | D:2      | Reached skill level 1 in Fighting
   689 | D:3      | Reached XP level 3. HP: 26/26 MP: 1/7
  1051 | D:4      | Noticed an ogre
  1191 | D:3      | Reached XP level 4. HP: 33/33 MP: 0/8
  1260 | D:4      | Got a twisted trident
  1266 | D:5      | Entered Level 5 of the Dungeon
  1361 | D:4      | Identified the +9 trident "Tiyvut" {flame, Str+4} (You found it on level 4 of the Dungeon)
  1403 | D:5      | Reached XP level 5. HP: 33/38 MP: 9/9
  1442 | D:4      | Killed an ogre
  1447 | D:4      | Learned a level 3 spell: Vampiric Draining
  1547 | D:4      | Reached XP level 6. HP: 45/46 MP: 10/10
  1683 | D:4      | Reached skill level 5 in Necromancy
  1726 | D:4      | Found a hazy altar of Hepliaklqana.
  1823 | D:3      | Noticed Nattefrost's ghost (amateur BaHu)
  1941 | D:4      | Noticed Natasha
  1944 | D:4      | Killed Natasha
  2237 | D:5      | Reached XP level 7. HP: 26/52 MP: 11/11
  2460 | D:5      | Noticed Blork the orc
  2468 | D:5      | Killed Blork the orc
  2468 | D:5      | Reached skill level 5 in Dodging
  2505 | D:5      | Reached skill level 1 in Shields
  2944 | D:5      | Got a jewelled leather armour
  3134 | D:5      | Identified the +2 leather armour of the Beggar {Int+4} (You found it on level 5 of the Dungeon)
  3261 | D:6      | Found a staircase to the Ecumenical Temple.
  3269 | Temple   | Entered the Ecumenical Temple
  3421 | Temple   | Became a worshipper of Kikubaaqudgha
  4025 | D:2      | Found an ornate altar of the Wu Jian Council.
  4106 | D:2      | Found an iron altar of Okawaru.
  4224 | D:2      | Reached * piety under Kikubaaqudgha
  4224 | D:2      | Identified Kikubaaqudgha's Reference Book on Darkness (Kikubaaqudgha gifted it to you on level 2 of the Dungeon)
  4224 | D:2      | Received a gift from Kikubaaqudgha
  4610 | D:3      | Killed Nattefrost's ghost
  4610 | D:3      | Reached XP level 8. HP: 27/60 MP: 12/12
  4751 | D:3      | Reached ** piety under Kikubaaqudgha
  4967 | D:4      | Noticed Natasha
  4981 | D:4      | Killed Natasha
  4990 | D:4      | Noticed Natasha
  4998 | D:4      | Killed Natasha
  5108 | D:6      | Found a glowing silver altar of Zin.
  5807 | D:7      | Reached skill level 5 in Fighting
  6016 | D:7      | Found a shattered altar of Ashenzari.
  6059 | D:7      | Reached XP level 9. HP: 66/69 MP: 13/13
  6194 | D:7      | Noticed Menkaure
  6201 | D:7      | Killed Menkaure
  6235 | D:7      | Found a sacrificial altar of Ru.
  6329 | D:7      | Reached *** piety under Kikubaaqudgha
  6329 | D:7      | Identified Kikubaaqudgha's Incunabulum of Dark Arts (Kikubaaqudgha gifted it to you on level 7 of the Dungeon)
  6329 | D:7      | Received a gift from Kikubaaqudgha
  6401 | Temple   | Fell from the grace of Kikubaaqudgha
  6401 | Temple   | Became a worshipper of Sif Muna the Loreminder
  6427 | D:6      | Learned a level 5 spell: Dispel Undead
  6502 | D:7      | Found Ucsi's Distillery.
  6527 | D:7      | Noticed a soul eater
  6735 | D:8      | Noticed Prince Ribbit
  6921 | D:8      | Found a staircase to the Lair.
  6922 | D:8      | Noticed an elephant
  6959 | D:8      | Reached skill level 6 in Necromancy
  7007 | D:8      | Killed Prince Ribbit
  7007 | D:8      | Reached * piety under Sif Muna
  7054 | D:8      | Killed an elephant
  7054 | D:8      | Reached skill level 5 in Spellcasting
  7054 | D:8      | Reached skill level 7 in Necromancy
  7054 | D:8      | Reached XP level 10. HP: 54/77 MP: 6/17
  7457 | Lair:1   | Entered Level 1 of the Lair of Beasts
  7691 | Lair:1   | Got a crude chain mail
  7734 | Lair:1   | Reached skill level 8 in Necromancy
  8154 | Lair:1   | Noticed Fannar
  8179 | Lair:1   | Killed Fannar
  8179 | Lair:1   | Reached ** piety under Sif Muna
  8216 | Lair:1   | Noticed an oklob plant
  8225 | Lair:1   | Learned a level 5 spell: Bolt of Draining
  8231 | Lair:1   | Learned a level 5 spell: Borgnjor's Vile Clutch
  8296 | Lair:1   | Killed an oklob plant
  8296 | Lair:1   | Reached skill level 9 in Necromancy
  8397 | Lair:1   | Noticed a five-headed hydra
  8427 | Lair:1   | Killed a five-headed hydra
  8555 | Lair:1   | Reached *** piety under Sif Muna
  8555 | Lair:1   | Reached skill level 10 in Necromancy
  8729 | Lair:2   | Noticed a spiny frog
  8729 | Lair:2   | Noticed a seven-headed hydra
  8758 | Lair:1   | Killed a spiny frog
  8790 | Lair:2   | Reached XP level 11. HP: 31/83 MP: 5/23
  9800 | Lair:1   | Noticed a reaper
  9825 | Lair:1   | Noticed a soul eater
 10274 | Lair:2   | HP: 4/83 [seven-headed hydra (11)]
 10275 | Lair:2   | Slain by a seven-headed hydra

Vault maps used:
D:1:      dpeg_arrival_rhombus
D:2:      minmay_diamond_boxcup, lemuel_doored_altar, overflow_temple_1_default,
          corner_web_ring
D:3:      first_ration, minmay_misc_feat_square
D:4:      nicolae_overflow_hidden_temple, uniq_natasha
D:5:      uniq_blork_the_orc
D:6:      overflow_temple_1_default, minmay_temple_entry_water_ring,
          nrook_pool_corridor, hangedman_abyss_or_decor_lesser_grid
D:7:      cheibrodos_ashenzari_chains, nicolae_ru_sacrificial_ziggurat,
          serial_shops, shop, the_bakery, uniq_menkaure
D:8:      david_lair_generic, uniq_prince_ribbit1
Temple:   eino_temple_scatter_basement
Lair:1:   st_stairs_11, grunt_forest_stairs_basic, serial_bayou_pond_e,
          serial_bayou_shore_a, grunt_megastairs_3, minmay_lair_oklob_chamber,
          uniq_fannar
Lair:2:   swamp_mist_pool, beast_lair_carwin_6

Skill      XL: |  1  2  3  4  5  6  7  8  9 10 |
---------------+-------------------------------+-----
Dodging        | 2 3 4 5 7 8 |  8.2
Spellcasting   | 3 5 8 |  8.8
Fighting       | 1 2 3 5 6 |  6.6
Necromancy     | 5 7 10 | 10.9
Shields        | 3 4 |  4.0
Stealth        | |  1.5

Action                   |  1- 3 |  4- 6 |  7- 9 | 10-12 || total
-------------------------+-------+-------+-------+-------++-------
Melee: Trident           |       |    50 |   279 |    67 ||   396
 Fire: Hunting sling     |    23 |    13 |       |       ||    36
Throw: Stone             |       |       |       |     1 ||     1
 Cast: Pain              |    46 |     6 |    45 |    82 ||   179
       Vampiric Draining |       |     2 |    20 |    36 ||    58
       Dispel Undead     |       |       |       |    36 ||    36
       Bolt of Draining  |       |       |       |     5 ||     5
       Borgnjor's Vile C |       |       |       |     3 ||     3
Invok: Divine Energy     |       |       |     1 |       ||     1
Evoke: Wand              |       |       |       |     4 ||     4
  Use: Scroll            |     7 |       |     7 |     2 ||    16
 Stab: Sleeping          |       |     1 |    24 |     2 ||    27
       Distracted        |       |       |     1 |       ||     1
Armor: Ring mail         |    15 |    16 |    11 |       ||    42
       Leather armour    |       |       |    34 |    30 ||    64
       Robe              |       |       |     2 |       ||     2
Dodge: Dodged            |    18 |    26 |   154 |   149 ||   347
Block: Buckler           |       |       |    68 |    64 ||   132

Table legend:
 A = Spawn XP
 B = Non-spawn XP
 C = Spawn XP percentage of total XP
 D = Spawn monster count
 E = Non-spawn monster count
 F = Spawn count percentage of total count
 G = Total turns spent on level
                    A         B        C        D         E        F      G
               +---------+---------+-------+---------+---------+-------+---------
         Total |       0 |   13721 |   0.0 |       0 |     211 |   0.0 | 10275
               +---------+---------+-------+---------+---------+-------+---------
           D:1 |       0 |      37 |   0.0 |       0 |      19 |   0.0 |   970
           D:2 |       0 |     161 |   0.0 |       0 |      40 |   0.0 |   846
           D:3 |       0 |     273 |   0.0 |       0 |      34 |   0.0 |   608
           D:4 |       0 |     683 |   0.0 |       0 |      23 |   0.0 |  1297
           D:5 |       0 |     490 |   0.0 |       0 |      15 |   0.0 |  1134
           D:6 |       0 |     534 |   0.0 |       0 |      10 |   0.0 |   919
           D:7 |       0 |    2030 |   0.0 |       0 |      24 |   0.0 |   753
           D:8 |       0 |    1775 |   0.0 |       0 |      14 |   0.0 |   722
        Lair:1 |       0 |    5367 |   0.0 |       0 |      22 |   0.0 |  2000
        Lair:2 |       0 |    2371 |   0.0 |       0 |      10 |   0.0 |   818
               +---------+---------+-------+---------+---------+-------+---------
